 Dungeon Crawl Stone Soup version 0.21.1-1-g345015f (webtiles) character file.

335995 microfolk the Grim Reaper (level 21, -5/166 HPs)
             Began as a Gnoll Skald on Feb 14, 2018.
             Was the Champion of Yredelemnul.
             Slain by a tengu reaver
             ... wielding a +1 bardiche of distortion
              (10 damage)
             ... on level 4 of the Depths on Feb 15, 2018.
             The game lasted 05:27:22 (53103 turns).

microfolk the Grim Reaper (Gnoll Skald)            Turns: 53103, Time: 05:27:23

Health: -5/166     AC: 22    Str: 19    XL:     21   Next: 88%
Magic:  38/39      EV: 25    Int: 23    God:    Yredelemnul [******]
Gold:   2270       SH:  0    Dex: 19    Spells: 17/49 levels left

rFire    + . .     SeeInvis .   a - +9 lajatang (elec)
rCold    + . .     Gourm    .   (shield currently unavailable)
rNeg     + . .     Faith    .   q - +7 chain mail of Compression {*Corrode rPois Str+3}
rPois    +         Spirit   .   D - +0 helmet of Lesser Demons {rElec MR+ rCorr Str-3 Stlth+}
rElec    +         Reflect  .   s - scarf {rC+ rF+}
rCorr    +         Harm     .   y - +1 pair of gloves {Dex+3}
MR       ++...                  w - +2 pair of boots of the Assassin {Detection Stab+ Stlth++}
Stlth    ++++++....             T - amulet of Nahig {RegenMP rElec rPois rN+}
HPRegen  0.37/turn              t - ring of Phasing {EV+8}
MPRegen  0.51/turn              p - +6 ring of protection

@: corroded
A: distributed training, fangs 1, hooves 1, agile 1, blink, strong 1, strong
nose
}: 2/15 runes: decaying, serpentine
a: Blink, Recall Undead Slaves, Injury Mirror, Animate Dead, Drain Life, Enslave
Soul, Renounce Religion


You were on level 4 of the Depths.
You worshipped Yredelemnul.
Yredelemnul was exalted by your worship.
You were not hungry.

You visited 8 branches of the dungeon, and saw 41 of its levels.
You visited the Abyss 2 times.
You visited 1 bazaar.
You also visited: Labyrinth, Trove and Ossuary.

You collected 5864 gold pieces.
You spent 3594 gold pieces at shops.

Inventory:

Hand Weapons
 a - a +9 lajatang of electrocution (weapon)
 b - the +7 arbalest of Expedience {speed, MR+}
   (You found it on level 3 of the Vaults)

   Attacks with this weapon are significantly faster.
   It affects your resistance to hostile enchantments.
Missiles
 g - 4 throwing nets (quivered)
 W - 1063 bolts
Armour
 n - the +1 fire dragon scales "Eleis" {+Fly rPois rF++ rC- Str-2 Slay+3}
   (You bought it in a shop on level 1 of the Vaults)

   It affects your strength (-2).
   It affects your accuracy and damage with ranged weapons and melee attacks
   (+3).
   It greatly protects you from fire.
   It makes you vulnerable to cold.
   It protects you from poison.
   It lets you fly.
 q - the +7 chain mail of Compression (worn) {*Corrode rPois Str+3}
   (You found it on level 3 of the Swamp)

   It affects your strength (+3).
   It protects you from poison.
   It may corrode you when you take damage.
 s - a scarf of resistance (worn)
 w - the +2 pair of boots of the Assassin (worn) {Detection Stab+ Stlth++}
   (You acquired it on level 1 of the Swamp)

   It makes you much more stealthy.
 y - a +1 pair of gloves of dexterity (worn)
 z - the +1 helmet of the Apprentice {rC+ MR+}
   (You acquired it on level 15 of the Dungeon)

   It protects you from cold.
   It affects your resistance to hostile enchantments.
 D - the +0 helmet of Lesser Demons (worn) {rElec MR+ rCorr Str-3 Stlth+}
   (You acquired it on level 2 of the Depths)

   It affects your strength (-3).
   It insulates you from electricity.
   It affects your resistance to hostile enchantments.
   It protects you from acid and corrosion.
   It makes you more stealthy.
 Z - +0 fire dragon scales
Jewellery
 k - an uncursed ring of wizardry
 p - a +6 ring of protection (right hand)
 t - the ring of Phasing (left hand) {EV+8}
   (You found it on level 3 of the Depths)

   [ring of evasion]

   It affects your evasion (+8).
 N - an uncursed ring of protection from magic
 T - the amulet of Nahig (around neck) {RegenMP rElec rPois rN+}
   (You bought it in a shop on level 2 of the Snake Pit)

   [amulet of magic regeneration]

   It increases your magic regeneration.
   It insulates you from electricity.
   It protects you from poison.
   It protects you from negative energy.
Wands
 C - a wand of acid (13)
 F - a wand of paralysis (61)
 G - a wand of digging (35)
 P - a wand of iceblast (26)
 R - a wand of enslavement (8)
 V - a wand of flame (178)
Scrolls
 e - 4 scrolls of enchant weapon
 f - a scroll of brand weapon
 i - 6 scrolls of fog
 j - 4 scrolls of fear
 l - 8 scrolls of teleportation
 o - 2 scrolls of silence
 r - 8 scrolls of immolation
 v - 15 scrolls of remove curse
 B - 8 scrolls of amnesia
 H - a scroll of summoning
 I - 7 scrolls of magic mapping
 K - 3 scrolls of blinking
 U - 4 scrolls of enchant armour
Potions
 c - 4 potions of agility
 h - 4 potions of heal wounds
 m - 6 potions of cancellation
 u - 5 potions of ambrosia
 x - 20 potions of curing
 E - a potion of flight
 J - 3 potions of might
 L - 4 potions of berserk rage
 M - a potion of invisibility
 O - 8 potions of haste
 S - 2 potions of magic
 X - a potion of mutation
 Y - a potion of brilliance
Miscellaneous
 Q - a sack of spiders
Comestibles
 d - 27 rations


   Skills:
 + Level 14.6 Fighting
 + Level 14.0 Short Blades
 + Level 14.0 Long Blades
 + Level 14.0 Axes
 + Level 14.0 Maces & Flails
 + Level 14.6 Polearms
 + Level 14.0 Staves
 + Level 14.0 Slings
 + Level 14.0 Bows
 + Level 14.0 Crossbows
 + Level 14.0 Throwing
 + Level 14.2 Armour
 + Level 14.6 Dodging
 + Level 14.0 Stealth
 + Level 14.0 Shields
 + Level 14.0 Unarmed Combat
 + Level 14.7 Spellcasting
 + Level 12.1 Conjurations
 + Level 12.1 Hexes
 + Level 13.1 Charms
 + Level 12.1 Summonings
 + Level 12.1 Necromancy
 + Level 12.1 Translocations
 + Level 12.1 Transmutations
 + Level 12.1 Fire Magic
 + Level 12.1 Ice Magic
 + Level 12.1 Air Magic
 + Level 12.1 Earth Magic
 + Level 12.1 Poison Magic
 + Level 15.1 Invocations
 + Level 14.0 Evocations


You had 17 spell levels left.
You knew the following spells:

 Your Spells              Type           Power        Failure   Level  Hunger
a - Summon Ice Beast      Ice/Summ       ######..     1%          4    None
b - Song of Slaying       Chrm           ######..     1%          2    None
c - Shroud of Golubria    Chrm/Tloc      ######....   1%          2    None
d - Regeneration          Chrm/Necr      ######....   1%          3    None
e - Spectral Weapon       Hex/Chrm       ######..     1%          3    None
f - Apportation           Tloc           ######       1%          1    None
g - Summon Lightning Spi  Summ/Air       ######..     1%          4    None
h - Borgnjor's Vile Clut  Necr/Erth      ######....   4%          5    ###....
i - Silence               Hex/Air        ######....   4%          5    ###....
j - Conjure Flame         Conj/Fire      ######..     1%          3    None


Dungeon Overview and Level Annotations

Branches:
Dungeon (15/15)            Temple (1/1) D:7            Lair (6/6) D:10
  Swamp (4/4) Lair:4        Snake (4/4) Lair:3        Slime (0/5) Lair:5
    Orc (2/2) D:9             Elf (0/3) Orc:2        Vaults (5/5) D:14
  Crypt (0/3) Vaults:3     Depths (4/5) D:15

Altars:
Ashenzari
Cheibriados
Dithmenos
Elyvilon
Fedhas
Gozag
Hepliaklqana
Kikubaaqudgha
Makhleb
Nemelex Xobeh
Okawaru
Qazlal
Ru
Sif Muna
Trog
Uskayaw
Vehumet
Wu Jian
Xom
Yredelemnul
Zin
The Shining One
Beogh
Jiyva

Shops:
D:10 :   Orc:2 ?}?!   Snake:1 =   Snake:2 }==   Vaults:1 [   Depths:1 *

Portals:
Hell: Depths:1 Depths:2 Depths:3
Abyss: Depths:1 Depths:4
Pandemonium: Depths:1 Depths:3
Ziggurat: Depths:1

Annotations:
D:3 exclusion: downstairs
D:4 exclusion: downstairs
D:5 tidbits's ghost, novice GnTm
Lair:3 exclusion: downstairs


Innate Abilities, Weirdness & Mutations

Your experience applies equally to all skills.
You have very sharp teeth.
Your uncanny sense of smell can sniff out nearby items.
You have large cloven feet.
You are agile. (Dex +2)
You can translocate small distances at will.
Your muscles are strong. (Str +2)


Message History

The tengu reaver completely misses you.
The spriggan air mage waves its arms in wide circles.
The air twists around and strikes you!
* * * LOW HITPOINT WARNING * * *
The caustic shrike claws you!
* * * LOW HITPOINT WARNING * * *
You are splashed with acid!
The acid burns!
You resist.
* * * LOW HITPOINT WARNING * * *
You hear a distant "Zot"!
There is a stone staircase leading up here.
The caustic shrike claws you!
* * * LOW HITPOINT WARNING * * *
Your corrosive artefact corrodes you!
You are splashed with acid!
The acid burns!
You resist.
* * * LOW HITPOINT WARNING * * *
The deep troll earth mage casts a spell at the rock wall.
You hear a grinding noise.
The tengu reaver hits you from afar with a bardiche of distortion!
You die...
Your body rises from the dead as a mindless zombie.

.# ##..........##.#
..######...........##.#
....................##.## .
#..........##........#.#.
..#..........#............#
................###..##..#.
........#........# #.###..#
.......###....## #.# ##.#
...........@########## ##.##
.........Cbi.T.... ##.)#C
##.........Q###### ###.....
##..........*.# ###....)#.
.#............G## #....#..##
................###.......#
.......................[..#
.......<.............∩....#
..............#####........#


You could see a caustic shrike, a fire giant, a tengu reaver, a great orb of
eyes, a spriggan air mage, a deep troll earth mage and a battlesphere.

Vanquished Creatures
  Vashnia (Snake:2)
  A caustic shrike (Depths:3)
  A golden dragon (Depths:3)
  A tentacled monstrosity (Depths:2)
  A lich (Depths:3)
  A titan (Depths:3)
  3 sphinxes
  A tengu reaver (Vaults:3)
  3 nagarajas (Snake:4)
  4 fire giants
  2 vault wardens
  5 frost giants
  A deep elf elementalist (Vaults:4)
  Louise (D:14)
  4 ironheart preservers
  An entropy weaver (Vaults:3)
  8 stone giants
  5 very ugly things (Depths:1)
  An eidolon (Abyss:2)
  7 ettins
  A minotaur (Lab)
  Sonja (D:11)
  A deep elf high priest (Depths:3)
  3 fire dragons
  9 yaktaur captains
  2 rakshasas
  5 great orbs of eyes
  9 vault guards
  5 hydras
  4 naga warriors (Snake:4)
  2 ghost crabs (Swamp:3)
  A spriggan air mage (Depths:2)
  7 centaur warriors
  8 ice dragons
  10 ogre magi
  3 anacondas (Snake:4)
  A death knight (Vaults:2)
  14 two-headed ogres
  4 alligators
  An alligator (shapeshifter) (Depths:2)
  6 tengu warriors
  3 deep troll shamans
  5 deep troll earth magi
  3 vampire magi (Depths:1)
  4 naga sharpshooters
  2 spriggan berserkers (Depths:3)
  6 hell hogs
  A spriggan (Swamp:3)
  A storm dragon zombie (Vaults:3)
  2 shock serpents
  A deep elf knight (Vaults:1)
  2 shadow wraiths
  A skeletal warrior (Vaults:3)
  A wretched star (Abyss:4)
  3 fire crabs (shapeshifter)
  10 deep trolls
  A swamp dragon (Swamp:2)
  A very ugly thing zombie (Vaults:4)
  7 glowing orange brains
  2 salamander mystics (Snake:4)
  2 flayed ghosts (Vaults:4)
  3 spriggan druids
  An entropy weaver zombie (Vaults:4)
  4 deep elf archers
  2 unseen horrors (D:14)
  2 naga ritualists (Snake:4)
  A necromancer (Vaults:4)
  A lindwurm (Snake:4)
  3 orc knights
  9 harpies
  6 ironbrand convokers
  4 mana vipers
  4 wizards
  2 wolf spiders (Vaults:2)
  A stone giant zombie (Vaults:4)
  A phantasmal warrior (Vaults:2)
  5 deep elf magi
  5 slime creatures
  14 ugly things
  8 cyclopes
  A manticore (shapeshifter) (Vaults:4)
  A salamander (shapeshifter) (Depths:1)
  A manticore (D:14)
  3 apocalypse crabs (Swamp:3)
  Maurice (D:8)
  7 vault sentinels
  10 black mambas
  7 naga magi
  A torpor snail (Lair:3)
  A smoke demon (Abyss:3)
  7 elephants
  3 spiny frogs
  A spiny frog (shapeshifter) (Vaults:1)
  A hellion (Depths:3)
  3 komodo dragons
  A kobold demonologist (D:11)
  An efreet (Abyss:4)
  2 freezing wraiths
  24 yaktaurs
  2 demonic crawlers
  A wind drake (shapeshifter) (Vaults:1)
  4 trolls
  3 tengu conjurers
  2 trolls (shapeshifter)
  A queen bee (shapeshifter) (Vaults:1)
  A wind drake (Lair:6)
  2 tyrant leeches (Swamp:3)
  A tengu simulacrum (Vaults:3)
  2 raiju
  8 hornets
  A bog body (Swamp:3)
  2 blink frogs
  6 hippogriffs
  Sigmund (D:4)
  A frost giant simulacrum (Vaults:3)
  A shadow (Swamp:1)
  A redback (Vaults:3)
  A tarantella (Vaults:3)
  12 yaks
  4 vampires
  A wraith (Vaults:3)
  2 basilisks
  2 wyverns
  2 hungry ghosts
  A steam dragon (D:12)
  A chaos spawn (Abyss:4)
  5 swamp worm simulacra (Swamp:4)
  A yaktaur simulacrum (Vaults:3)
  10 vampire mosquitoes
  Menkaure (D:7)
  2 human simulacra
  2 swamp worms (Swamp:1)
  An elf zombie (Vaults:4)
  17 nagas
  2 acid dragons (Vaults:1)
  10 water moccasins
  A floating eye (Depths:2)
  4 hydra simulacra (Swamp:4)
  6 porcupines
  30 orc warriors
  2 ice beasts
  A hornet zombie (Vaults:4)
  A swamp drake (Swamp:1)
  3 black bears (D:10)
  A phantom (D:10)
  4 sky beasts
  A necrophage (D:8)
  13 ogres
  6 wolves
  12 centaurs
  4 crocodiles
  2 gnoll sergeants (D:10)
  6 bullfrogs
  3 big kobolds
  6 water moccasin zombies (Ossuary)
  A hornet simulacrum (D:14)
  A small abomination (Depths:2)
  6 scorpions
  6 killer bees (D:10)
  12 wights
  4 howler monkeys
  2 bullfrog zombies
  6 crimson imps
  A centaur zombie (D:10)
  5 jellies
  2 quasits
  6 hounds
  4 centaur skeletons
  18 orc priests
  23 orc wizards
  2 bullfrog skeletons
  4 iguanas
  Ijyb (D:4)
  Natasha (thrice) (D:3)
  12 worker ants
  2 ogre zombies (Vaults:4)
  3 big kobold zombies (Ossuary)
  A hound skeleton (D:9)
  2 mummies (Ossuary)
  A worker ant zombie (D:8)
  Robin (D:2)
  17 gnolls
  14 adders
  4 shadow imps
  3 white imps (Abyss:4)
  2 oozes (D:12)
  2 swamp drake simulacra (Swamp:4)
  4 adder zombies (Ossuary)
  An adder skeleton (D:5)
  A worm (D:2)
  4 dart slugs
  5 leopard geckos
  82 orcs
  7 ball pythons
  6 bats
  11 giant cockroaches
  14 goblins
  5 hobgoblins
  19 jackals
  A quokka (D:2)
  5 frilled lizards
  3 gnoll zombies (Ossuary)
  A hobgoblin zombie (Ossuary)
  13 kobolds
  5 kobold zombies (Ossuary)
  A leopard gecko skeleton (D:4)
  7 orc zombies (Ossuary)
  8 rats
956 creatures vanquished.

Vanquished Creatures (collateral kills)
  A juggernaut (Depths:2)
  A caustic shrike (Depths:3)
  A golden dragon (Depths:3)
  A lich (Depths:3)
  A tentacled monstrosity (Depths:2)
  2 sphinxes
  A tengu reaver (Vaults:4)
  A shadow dragon (Depths:3)
  2 thorn hunters
  A storm dragon (Vaults:3)
  Roxanne (D:14)
  5 nagarajas (Snake:4)
  4 fire giants
  Donald (Snake:1)
  2 frost giants
  A deep elf sorcerer (Depths:3)
  Aizul (Snake:1)
  An orc warlord (Orc:2)
  6 vault wardens
  5 stone giants
  2 spriggan defenders
  6 very ugly things
  6 ironheart preservers
  2 entropy weavers (Vaults:4)
  A deep elf annihilator (Vaults:3)
  A spark wasp (Depths:2)
  Azrael (Snake:2)
  2 ettins
  An eidolon (Vaults:3)
  The ghost of Serooblart the Warrior, a journeyman MiBe of Trog (D:12)
  4 fire dragons
  7 yaktaur captains
  A fire dragon (shapeshifter) (Vaults:4)
  A deep elf death mage (Vaults:4)
  2 great orbs of eyes
  2 rakshasas
  10 hydras
  3 vault guards
  3 ice dragons
  7 ghost crabs
  9 naga warriors
  3 ogre magi
  A merfolk avatar (Lair:6)
  3 death knights
  14 anacondas
  5 centaur warriors
  A catoblepas (Lair:4)
  18 two-headed ogres
  A hell hog (Abyss:2)
  3 death yaks
  3 alligators
  5 orc high priests
  3 deep troll shamans
  4 deep troll earth magi
  A tengu warrior (Depths:2)
  12 naga sharpshooters
  14 shock serpents
  6 deep elf knights
  A sun demon (Depths:3)
  3 sea snakes (Snake:3)
  An iron troll (Depths:3)
  2 spriggan druids
  6 skeletal warriors
  4 salamander mystics
  2 unseen horrors
  18 deep trolls
  A large abomination (Abyss:4)
  A swamp dragon (Swamp:4)
  3 glowing orange brains
  3 flayed ghosts (Vaults:4)
  5 naga ritualists
  4 wizards
  6 deep elf archers
  3 lindwurms (Snake:4)
  2 harpies
  2 necromancers (Vaults:3)
  2 shambling mangroves
  2 wolf spiders
  13 ironbrand convokers
  22 orc knights
  7 orc sorcerers
  5 oklob plants
  8 mana vipers
  A mana viper (shapeshifter) (Vaults:2)
  2 manticores
  8 deep elf magi
  14 ugly things
  17 slime creatures
  5 cyclopes
  A guardian serpent (shapeshifter) (Vaults:4)
  A wolf spider zombie (D:15)
  A centaur zombie (D:14)
  6 salamanders
  A stone giant zombie (Vaults:3)
  12 elephants
  An elephant (shapeshifter) (Vaults:2)
  A smoke demon (Depths:2)
  28 black mambas
  An apocalypse crab (Swamp:3)
  22 naga magi
  2 centaur skeletons
  8 vault sentinels
  8 guardian serpents
  9 spiny frogs
  2 gargoyles
  2 rime drakes (Lair:6)
  29 yaktaurs
  2 komodo dragons
  10 freezing wraiths
  A redback zombie (D:15)
  A demonic crawler (D:12)
  A red devil (Depths:3)
  7 polar bears
  A jumping spider (Vaults:3)
  4 trolls
  3 tyrant leeches
  2 tengu conjurers
  9 hornets
  3 wind drakes (Lair:6)
  4 bog bodies
  3 blink frogs (Lair:3)
  A slime creature (shapeshifter) (Depths:3)
  3 hippogriffs
  A flying skull (D:12)
  3 shadows
  2 air elementals (Depths:2)
  4 redbacks (Vaults:4)
  A tarantella (Vaults:4)
  3 wyverns
  4 spriggans (Swamp:4)
  28 yaks
  A wraith (D:14)
  5 basilisks
  2 chaos spawn (Depths:3)
  20 vampire mosquitoes
  2 hungry ghosts
  A warg (Vaults:4)
  13 swamp worms
  27 nagas
  A soldier ant (D:12)
  12 hydra simulacra (Swamp:4)
  3 hell hounds (Snake:2)
  19 water moccasins
  2 swamp drakes
  32 orc warriors
  3 porcupines
  A necrophage (D:12)
  A black bear (D:12)
  3 sky beasts
  12 ogres
  3 boggarts
  2 wolves
  9 centaurs
  A phantom (D:10)
  2 big kobolds (D:11)
  6 crocodiles
  2 salamander zombies (Snake:4)
  7 bullfrogs
  2 gnoll sergeants (D:10)
  A wyvern zombie (D:12)
  A deep troll simulacrum (Vaults:1)
  A human simulacrum (Vaults:2)
  4 wights
  A howler monkey (D:10)
  A bullfrog zombie (D:10)
  A lava snake (Lair:5)
  3 crimson imps
  5 jellies
  22 orc priests
  13 orc wizards
  A gnoll shaman (D:10)
  A hound (D:10)
  An iguana (D:12)
  4 worker ants
  10 gnolls (D:10)
  10 adders
  2 shadow imps
  2 white imps (Abyss:4)
  4 oozes (D:12)
  A swamp drake simulacrum (Swamp:4)
  81 orcs
  2 giant cockroaches (D:12)
  2 jackals (D:10)
  2 quokkas (D:12)
  6 ball pythons
  3 frilled lizards (D:12)
  2 kobolds (D:11)
  2 briar patches
  A bush (Lair:1)
  A fire vortex (Swamp:3)
  22 fungi
  22 plants
1046 creatures vanquished.

Vanquished Creatures (others)
  A profane servitor (Depths:4)
  2 bone dragons
  A thorn hunter (Swamp:4)
  An azure jelly (Swamp:4)
  A frost giant (Depths:4)
  4 ghouls
  9 vampire knights
  3 very ugly thing zombies (Depths:1)
  An anaconda (Snake:4)
  3 anaconda zombies
  9 skeletal warriors
  5 flayed ghosts
  2 spriggan druids (Swamp:3)
  8 phantasmal warriors
  A stone giant zombie (Depths:2)
  3 ugly thing zombies (Depths:1)
  2 shock serpent zombies (Snake:4)
  A catoblepas zombie (Lair:4)
  A redback zombie (Vaults:3)
  A swamp worm zombie (Swamp:2)
  A sea snake zombie (Snake:3)
  2 demonic crawler zombies (D:12)
  A tyrant leech (Swamp:4)
  A harpy zombie (Vaults:3)
  A minotaur skeleton (Swamp:3)
  An ice dragon zombie (Depths:1)
  A tarantella zombie (Vaults:3)
  7 black mamba zombies
  12 flying skulls
  7 vampires
  4 elf zombies (Vaults:4)
  A spriggan zombie (Swamp:3)
  5 wraiths
  A fire elemental (Snake:2)
  A wind drake zombie (Lair:6)
  12 deep troll zombies
  8 human zombies
  A spiny frog zombie (Lair:3)
  2 two-headed ogre zombies
  2 naga skeletons (Snake:4)
  3 hornet zombies
  A lindwurm zombie (Snake:4)
  An elf skeleton (Vaults:3)
  A centaur (D:13)
  4 vampire mosquito zombies
  7 naga zombies
  9 yaktaur zombies
  2 hippogriff zombies
  2 yaktaur skeletons
  A cyclops zombie (D:15)
  A wyvern zombie (D:12)
  5 water moccasin zombies
  A small abomination (Abyss:2)
  A yak zombie (Lair:3)
  2 wights (Lair:1)
  A raiju zombie (Abyss:4)
  A wolf zombie (Lair:1)
  2 bullfrog zombies
  A basilisk zombie (Lair:3)
  7 centaur zombies
  A black bear skeleton (D:10)
  An iguana (D:9)
  A porcupine zombie (Lair:5)
  A porcupine skeleton (D:10)
  2 killer bee zombies (D:10)
  3 crocodile zombies
  2 sky beast zombies
  3 big kobold zombies
  4 ogre zombies
  A hound skeleton (D:10)
  2 hound zombies (D:10)
  2 worker ant zombies
  9 gnoll zombies (D:10)
  A swamp drake zombie (Swamp:3)
  2 adder zombies
  An iguana zombie (D:12)
  2 orcs (D:9)
  2 ball python zombies (D:12)
  A frilled lizard zombie (D:12)
  4 giant cockroach zombies (D:12)
  3 jackal skeletons (D:10)
  A jackal zombie (D:10)
  2 kobold zombies
  3 orc skeletons
  46 orc zombies
  3 bushes (D:15)
  A fire vortex (Swamp:3)
  5 fungi
  7 plants
  7 spectral weapons
  4 starspawn tentacles (Abyss:2)
310 creatures vanquished.

Grand Total: 2312 creatures vanquished

Notes
Turn   | Place    | Note
-------+----------+-------------------------------------------
     0 | D:1      | microfolk the Gnoll Skald began the quest for the Orb.
     0 | D:1      | Reached XP level 1. HP: 20/20 MP: 6/6
    84 | D:1      | Reached XP level 2. HP: 24/26 MP: 7/7
   492 | D:1      | Reached XP level 3. HP: 31/31 MP: 9/9
   819 | D:1      | Learned a level 2 spell: Song of Slaying
   822 | D:1      | Learned a level 2 spell: Shroud of Golubria
   826 | D:1      | Learned a level 3 spell: Regeneration
   830 | D:1      | Learned a level 3 spell: Spectral Weapon
   842 | D:2      | Reached skill level 5 in Spellcasting
  1110 | D:2      | Reached skill level 1 in Invocations
  1193 | D:2      | Reached skill level 1 in Short Blades
  1193 | D:2      | Reached skill level 1 in Long Blades
  1193 | D:2      | Reached skill level 1 in Axes
  1193 | D:2      | Reached skill level 1 in Maces & Flails
  1193 | D:2      | Reached skill level 1 in Staves
  1193 | D:2      | Reached skill level 1 in Slings
  1193 | D:2      | Reached skill level 1 in Bows
  1193 | D:2      | Reached skill level 1 in Crossbows
  1193 | D:2      | Reached skill level 1 in Throwing
  1193 | D:2      | Reached skill level 1 in Stealth
  1193 | D:2      | Reached skill level 1 in Shields
  1193 | D:2      | Reached skill level 1 in Unarmed Combat
  1193 | D:2      | Reached skill level 1 in Evocations
  1299 | D:2      | Reached XP level 4. HP: 37/38 MP: 11/11
  1363 | D:2      | Noticed Robin
  1401 | D:2      | Killed Robin
  1699 | D:3      | Reached skill level 1 in Conjurations
  1699 | D:3      | Reached skill level 1 in Hexes
  1699 | D:3      | Reached skill level 1 in Summonings
  1699 | D:3      | Reached skill level 1 in Necromancy
  1699 | D:3      | Reached skill level 1 in Translocations
  1699 | D:3      | Reached skill level 1 in Transmutations
  1699 | D:3      | Reached skill level 1 in Fire Magic
  1699 | D:3      | Reached skill level 1 in Ice Magic
  1699 | D:3      | Reached skill level 1 in Air Magic
  1699 | D:3      | Reached skill level 1 in Earth Magic
  1699 | D:3      | Reached skill level 1 in Poison Magic
  1714 | D:3      | Reached XP level 5. HP: 40/43 MP: 5/12
  1904 | D:3      | Found a sacrificial altar of Ru.
  2099 | D:3      | Noticed Natasha
  2111 | D:3      | Killed Natasha
  2168 | D:3      | Noticed Natasha
  2174 | D:3      | Killed Natasha
  2174 | D:3      | Reached XP level 6. HP: 38/50 MP: 8/13
  2451 | D:3      | Found a glowing golden altar of the Shining One.
  2451 | D:3      | Found a faded altar of an unknown god.
  2456 | D:3      | Found a deep blue altar of Sif Muna.
  2456 | D:3      | Noticed Natasha
  2462 | D:3      | Killed Natasha
  2462 | D:3      | Reached skill level 2 in Invocations
  2465 | D:3      | Found a shattered altar of Ashenzari.
  2466 | D:3      | Found a faded altar of an unknown god.
  2624 | D:4      | Noticed Sigmund
  2683 | D:4      | Killed Sigmund
  2683 | D:4      | Reached skill level 5 in Fighting
  2683 | D:4      | Reached skill level 5 in Polearms
  2683 | D:4      | Reached skill level 5 in Dodging
  2683 | D:4      | Reached XP level 7. HP: 20/56 MP: 0/15
  2808 | D:4      | Found a blossoming altar of Fedhas.
  3286 | D:4      | Noticed Ijyb
  3304 | D:4      | Killed Ijyb
  3611 | D:4      | Noticed Menkaure
  3831 | D:5      | Entered Level 5 of the Dungeon
  4062 | D:4      | Reached skill level 3 in Invocations
  4080 | D:5      | Reached XP level 8. HP: 55/63 MP: 11/16
  4122 | D:5      | Noticed tidbits's ghost (novice GnTm)
  5718 | D:6      | Found a sand-covered staircase.
  5726 | Ossuary  | Entered an ossuary
  5923 | Ossuary  | Reached skill level 4 in Invocations
  6026 | Ossuary  | Reached XP level 9. HP: 47/69 MP: 15/18
  6784 | D:7      | Found a staircase to the Ecumenical Temple.
  6795 | Temple   | Entered the Ecumenical Temple
  7035 | D:7      | Reached skill level 5 in Armour
  7246 | D:7      | Killed Menkaure
  7476 | D:7      | Found a stormy altar of Qazlal.
  7832 | D:8      | Reached skill level 5 in Invocations
  8057 | D:8      | Noticed Maurice
  8061 | D:8      | Killed Maurice
  8061 | D:8      | Reached XP level 10. HP: 74/77 MP: 20/20
  8129 | D:8      | Reached skill level 5 in Short Blades
  8129 | D:8      | Reached skill level 5 in Long Blades
  8129 | D:8      | Reached skill level 5 in Axes
  8129 | D:8      | Reached skill level 5 in Maces & Flails
  8129 | D:8      | Reached skill level 5 in Staves
  8129 | D:8      | Reached skill level 5 in Slings
  8129 | D:8      | Reached skill level 5 in Bows
  8129 | D:8      | Reached skill level 5 in Crossbows
  8129 | D:8      | Reached skill level 5 in Throwing
  8129 | D:8      | Reached skill level 5 in Stealth
  8129 | D:8      | Reached skill level 5 in Shields
  8129 | D:8      | Reached skill level 5 in Unarmed Combat
  8129 | D:8      | Reached skill level 5 in Evocations
  8246 | D:8      | Noticed a two-headed ogre
  8307 | D:8      | Found a basalt altar of Yredelemnul.
  8315 | D:8      | Became a worshipper of Yredelemnul the Dark
  8371 | D:8      | Found a white marble altar of Elyvilon.
  8547 | D:8      | Found an iron altar of Okawaru.
  8548 | D:8      | Found a bloodstained altar of Trog.
  8955 | D:9      | Reached * piety under Yredelemnul
  9032 | D:9      | Reached ** piety under Yredelemnul
  9035 | D:9      | Found a roughly hewn altar of Beogh.
  9035 | D:9      | Found a staircase to the Orcish Mines.
  9282 | D:9      | Found a glowing silver altar of Zin.
  9283 | D:9      | Found an opulent altar of Gozag.
  9441 | D:9      | Found a burning altar of Makhleb.
  9542 | D:9      | Reached skill level 6 in Invocations
 10203 | D:10     | Entered Level 10 of the Dungeon
 10240 | D:10     | Found Syudop's Book Shoppe.
 10328 | D:10     | Reached *** piety under Yredelemnul
 10563 | D:10     | Reached XP level 11. HP: 71/84 MP: 18/22
 10669 | D:10     | Found a staircase to the Lair.
 10706 | D:10     | Learned a level 1 spell: Apportation
 11214 | D:10     | Received a gift from Yredelemnul (a wight)
 11388 | D:10     | Reached skill level 5 in Conjurations
 11388 | D:10     | Reached skill level 5 in Hexes
 11388 | D:10     | Reached skill level 5 in Summonings
 11388 | D:10     | Reached skill level 5 in Necromancy
 11388 | D:10     | Reached skill level 5 in Translocations
 11388 | D:10     | Reached skill level 5 in Transmutations
 11388 | D:10     | Reached skill level 5 in Fire Magic
 11388 | D:10     | Reached skill level 5 in Ice Magic
 11388 | D:10     | Reached skill level 5 in Air Magic
 11388 | D:10     | Reached skill level 5 in Earth Magic
 11388 | D:10     | Reached skill level 5 in Poison Magic
 11401 | D:10     | Reached **** piety under Yredelemnul
 11935 | Lair:1   | Entered Level 1 of the Lair of Beasts
 12028 | Lair:1   | Received a gift from Yredelemnul (a wight)
 12034 | Lair:1   | Found a dark tunnel.
 12074 | Lair:1   | Noticed a five-headed hydra
 12216 | D:11     | Noticed a two-headed ogre
 12225 | D:11     | Killed a two-headed ogre
 12241 | D:11     | Noticed Sonja
 12362 | D:11     | Found a labyrinth entrance.
 12385 | Lab      | Entered a labyrinth
 13259 | Lab      | Noticed a minotaur
 13267 | Lab      | Killed a minotaur
 13267 | Lab      | Reached skill level 7 in Invocations
 13282 | Lab      | Got a twisted trident
 13285 | Lab      | Identified the +8 trident of Zel Gouss {antimagic, rN+} (You found it in a labyrinth)
 13420 | D:11     | Found a deep blue altar of Sif Muna.
 13420 | D:11     | Noticed an oklob plant
 13453 | D:11     | Noticed a red ugly thing
 13469 | D:11     | Killed a red ugly thing
 13571 | D:11     | Received a gift from Yredelemnul (a wraith)
 13604 | D:11     | Killed an oklob plant
 13627 | D:11     | Killed Sonja
 13651 | D:11     | Learned a level 4 spell: Summon Lightning Spire
 13998 | D:12     | Noticed a two-headed ogre
 14005 | D:12     | Killed a two-headed ogre
 14005 | D:12     | Reached XP level 12. HP: 93/93 MP: 0/24
 14099 | D:11     | Reached ***** piety under Yredelemnul
 14203 | D:12     | Received a gift from Yredelemnul (4 flying skulls)
 14510 | D:12     | Noticed an alligator
 14511 | D:12     | Received a gift from Yredelemnul (3 flying skulls)
 14519 | D:12     | Noticed an alligator
 14527 | D:12     | Killed an alligator
 14536 | D:12     | Killed an alligator
 15264 | D:12     | Noticed Serooblart's ghost (journeyman MiBe)
 15271 | D:12     | Killed Serooblart's ghost
 15327 | D:12     | Reached skill level 8 in Invocations
 15329 | D:12     | Received a gift from Yredelemnul (a wraith)
 15678 | D:10     | Killed a nine-headed hydra
 15918 | Lair:1   | Reached ****** piety under Yredelemnul
 16594 | Lair:2   | Received a gift from Yredelemnul (3 flying skulls)
 16610 | Lair:2   | Noticed a six-headed hydra
 16614 | Lair:2   | Killed a six-headed hydra
 17288 | Lair:3   | Received a gift from Yredelemnul (a vampire)
 17322 | Lair:3   | Noticed a four-headed hydra
 17329 | Lair:3   | Killed a four-headed hydra
 17351 | Lair:3   | Learned a level 5 spell: Borgnjor's Vile Clutch
 17459 | Lair:3   | Reached XP level 13. HP: 101/101 MP: 8/26
 17630 | Lair:3   | Found a staircase to the Snake Pit.
 17639 | Lair:3   | Got a warped arbalest
 17653 | Lair:3   | Identified the +7 arbalest "Totok" {flame, *Contam rPois rC+ Str+2} (You found it on level 3 of the Lair of Beasts)
 17853 | Lair:3   | Received a gift from Yredelemnul (a wraith)
 18314 | Lair:4   | Received a gift from Yredelemnul (a wraith)
 18328 | Lair:4   | Got a scorched long sword
 18505 | Lair:3   | Received a gift from Yredelemnul (a skeletal warrior)
 18565 | Lair:4   | Identified the cursed +1 long sword of Egomania {pain, *Corrode rPois Int+6 SInv} (You found it on level 4 of the Lair of Beasts)
 18743 | Lair:4   | Found a staircase to the Swamp.
 18836 | Lair:4   | Reached skill level 9 in Invocations
 19449 | Lair:5   | Received a gift from Yredelemnul (3 flying skulls)
 19830 | Lair:5   | Found a viscous altar of Jiyva.
 19830 | Lair:5   | Found a staircase to the Slime Pits.
 20384 | Lair:6   | Entered Level 6 of the Lair of Beasts
 20416 | Lair:6   | Received a gift from Yredelemnul (a flayed ghost)
 20489 | Lair:6   | Reached skill level 10 in Spellcasting
 20636 | Lair:6   | Reached XP level 14. HP: 107/109 MP: 9/28
 20785 | Lair:6   | Found the +3 robe of Folly {Archmagi, MR-- Int+5}
 20812 | Lair:6   | Received a gift from Yredelemnul (a skeletal warrior)
 20905 | Lair:6   | Got a smoking lajatang
 20935 | Lair:6   | Identified the +5 lajatang of the Wary Ships {drain, rPois rN+ MR+} (You found it on level 6 of the Lair of Beasts)
 20992 | Lair:6   | Reached skill level 10 in Fighting
 20992 | Lair:6   | Reached skill level 10 in Polearms
 20992 | Lair:6   | Reached skill level 10 in Dodging
 21573 | Orc:1    | Entered Level 1 of the Orcish Mines
 21580 | Orc:1    | Received a gift from Yredelemnul (a wraith)
 21688 | Orc:1    | Received a gift from Yredelemnul (a ghoul)
 21990 | Orc:2    | Entered Level 2 of the Orcish Mines
 22130 | Orc:2    | Received a gift from Yredelemnul (a vampire)
 22164 | Orc:2    | Received a gift from Yredelemnul (a vampire knight)
 22258 | Orc:2    | Received a gift from Yredelemnul (a vampire knight)
 22505 | Orc:1    | Received a gift from Yredelemnul (a bone dragon)
 22656 | Orc:2    | Found a staircase to the Elven Halls.
 22724 | Orc:2    | Received a gift from Yredelemnul (a ghoul)
 22855 | Orc:2    | Noticed an orc warlord
 22868 | Orc:2    | Received a gift from Yredelemnul (a profane servitor)
 22871 | Orc:2    | Killed an orc warlord
 23003 | Orc:2    | Reached skill level 10 in Invocations
 23049 | Orc:2    | Received a gift from Yredelemnul (a bone dragon)
 23544 | Orc:2    | Found Neliqo's Magic Scroll Emporium.
 23544 | Orc:2    | Found Xaynuegg's Gadget Emporium.
 23545 | Orc:2    | Found Guuguf's Magic Scroll Shoppe.
 23545 | Orc:2    | Found Cuesuymp's Distillery.
 23903 | D:10     | Learned a level 4 spell: Summon Ice Beast
 24011 | Snake:1  | Entered Level 1 of the Snake Pit
 24029 | Snake:1  | Received a gift from Yredelemnul (a ghoul)
 24078 | Snake:1  | Found Nuthe's Jewellery Boutique.
 24145 | Snake:1  | Received a gift from Yredelemnul (a vampire knight)
 24288 | Snake:1  | Received a gift from Yredelemnul (a skeletal warrior)
 24588 | Snake:1  | Noticed Aizul
 24596 | Snake:1  | Killed Aizul
 24992 | Snake:1  | Reached XP level 15. HP: 43/117 MP: 26/29
 25192 | Snake:2  | Noticed Donald
 25206 | Snake:1  | Killed Donald
 25209 | Snake:1  | Identified the +5 shield of Fortitude {rC- rN+++ Str+6 Dex-3} (You took it off Donald on level 1 of the Snake Pit)
 25220 | Snake:2  | Noticed Vashnia
 25635 | Snake:2  | Killed Vashnia
 25635 | Snake:2  | Reached skill level 10 in Armour
 26027 | Snake:2  | Received a gift from Yredelemnul (a flayed ghost)
 26284 | Snake:2  | Received a gift from Yredelemnul (a phantasmal warrior)
 26343 | Snake:2  | Noticed Azrael
 26354 | Snake:2  | Killed Azrael
 26645 | Snake:2  | Found Cahothau's Jewellery Emporium.
 26647 | Snake:2  | Found Zeleypaiwn's Gadget Shop.
 26648 | Snake:2  | Found Guikhoeg's Jewellery Emporium.
 26659 | Snake:2  | Bought the amulet of Nahig {RegenMP rElec rPois rN+} for 890 gold pieces
 26668 | Snake:2  | Bought a +6 ring of protection for 1014 gold pieces
 26799 | Snake:3  | Reached skill level 10 in Charms
 26862 | Snake:3  | Received a gift from Yredelemnul (a skeletal warrior)
 26978 | Snake:3  | Reached skill level 10 in Short Blades
 26978 | Snake:3  | Reached skill level 10 in Long Blades
 26978 | Snake:3  | Reached skill level 10 in Axes
 26978 | Snake:3  | Reached skill level 10 in Maces & Flails
 26978 | Snake:3  | Reached skill level 10 in Staves
 26978 | Snake:3  | Reached skill level 10 in Slings
 26978 | Snake:3  | Reached skill level 10 in Bows
 26978 | Snake:3  | Reached skill level 10 in Crossbows
 26978 | Snake:3  | Reached skill level 10 in Throwing
 26978 | Snake:3  | Reached skill level 10 in Stealth
 26978 | Snake:3  | Reached skill level 10 in Shields
 26978 | Snake:3  | Reached skill level 10 in Unarmed Combat
 26978 | Snake:3  | Reached skill level 10 in Evocations
 27453 | Swamp:1  | Entered Level 1 of the Swamp
 27885 | Swamp:1  | Received a gift from Yredelemnul (a vampire)
 27980 | Swamp:1  | Identified 2 scrolls of acquirement
 27982 | Swamp:1  | Found the +2 pair of boots of the Assassin {Detection Stab+ Stlth++}
 28138 | Swamp:2  | Reached skill level 11 in Invocations
 28171 | Swamp:2  | Received a gift from Yredelemnul (a vampire knight)
 28562 | Swamp:2  | Noticed a thorn hunter
 28776 | Swamp:2  | Killed a thorn hunter
 29060 | Swamp:3  | Found a runed door.
 29238 | Swamp:3  | Reached XP level 16. HP: 125/125 MP: 25/31
 30068 | Swamp:3  | Received a gift from Yredelemnul (a skeletal warrior)
 30170 | Swamp:3  | Identified the Handbook of Helpful Displacement
 30175 | Swamp:3  | Identified the +7 chain mail of Compression {*Corrode rPois Str+3} (You found it on level 3 of the Swamp)
 30939 | D:13     | Found a gateway to a bazaar.
 30945 | Bazaar   | Entered a bazaar
 30958 | Bazaar   | Found Zeojith's Jewellery Shoppe.
 30958 | Bazaar   | Found Echucze's Distillery.
 30994 | Bazaar   | Found Gungi's Book Emporium.
 30994 | Bazaar   | Found Ziegui's Book Emporium.
 31046 | Bazaar   | Gained mutation: Your skin changes colour to match your surroundings (Stealth+). [potion of mutation]
 31046 | Bazaar   | Gained mutation: You are resistant to electric shocks. (rElec) [potion of mutation]
 31049 | Bazaar   | Gained mutation: You have large cloven feet. [potion of mutation]
 31049 | Bazaar   | Gained mutation: You can translocate small distances at will. [potion of mutation]
 31049 | Bazaar   | Gained mutation: You passively map a small area around you. [potion of mutation]
 31050 | Bazaar   | Lost mutation: Your skin changes colour to match your surroundings (Stealth+). [potion of mutation]
 31050 | Bazaar   | Lost mutation: You are resistant to electric shocks. (rElec) [potion of mutation]
 31050 | Bazaar   | Lost mutation: You passively map a small area around you. [potion of mutation]
 31050 | Bazaar   | Gained mutation: You are agile. (Dex +2) [potion of mutation]
 31050 | Bazaar   | Gained mutation: You are resistant to hostile enchantments. (MR+) [potion of mutation]
 31050 | Bazaar   | Lost mutation: You are resistant to hostile enchantments. (MR+) [potion of mutation]
 31050 | Bazaar   | Gained mutation: Your muscles are strong. (Str +2) [potion of mutation]
 31273 | D:13     | Got a scorched golden ring
 31973 | D:14     | Noticed Louise
 31976 | D:14     | Killed Louise
 32021 | D:14     | Noticed Roxanne
 32187 | D:14     | Identified the ring "Woexziu" {rElec rC+ Stlth-} (You found it on level 14 of the Dungeon)
 32200 | D:14     | Received a gift from Yredelemnul (a vampire knight)
 32258 | D:14     | Killed Roxanne
 32277 | D:14     | Identified Roxanne's Collected Works on Transformation (You took it off Roxanne on level 14 of the Dungeon)
 32511 | D:14     | Found a gate to the Vaults.
 32638 | D:15     | Entered Level 15 of the Dungeon
 32895 | D:15     | Received a gift from Yredelemnul (a phantasmal warrior)
 33038 | D:15     | Received a gift from Yredelemnul (a phantasmal warrior)
 33046 | D:15     | Found a bloodstained altar of Trog.
 33121 | D:15     | Got an ichor-stained helmet
 33132 | D:15     | Identified the +1 helmet of the Apprentice {rC+ MR+} (You acquired it on level 15 of the Dungeon)
 33163 | D:15     | Received a gift from Yredelemnul (a vampire knight)
 33271 | D:15     | Found a staircase to the Depths.
 33728 | Swamp:4  | Entered Level 4 of the Swamp
 33797 | Swamp:4  | Killed a thorn hunter
 33839 | Swamp:4  | Received a gift from Yredelemnul (a vampire)
 34093 | Swamp:4  | Noticed a thorn hunter
 34101 | Swamp:4  | Killed a thorn hunter
 34101 | Swamp:4  | Reached XP level 17. HP: 105/133 MP: 31/33
 34262 | Swamp:4  | Reached skill level 12 in Invocations
 34637 | Swamp:4  | Received a gift from Yredelemnul (a flayed ghost)
 34861 | Swamp:4  | Got a decaying rune of Zot
 35179 | Snake:4  | Entered Level 4 of the Snake Pit
 35209 | Snake:4  | Received a gift from Yredelemnul (a skeletal warrior)
 35519 | Snake:4  | Identified the ring "Tuykh" {+Fly Int+2} (You found it on level 13 of the Dungeon)
 35614 | Snake:4  | Received a gift from Yredelemnul (a vampire knight)
 36793 | Snake:4  | Received a gift from Yredelemnul (a vampire knight)
 37031 | Snake:4  | Received a gift from Yredelemnul (a skeletal warrior)
 37041 | Snake:4  | Got a serpentine rune of Zot
 37383 | Vaults:1 | Entered Level 1 of the Vaults
 37430 | Vaults:1 | Reached skill level 10 in Conjurations
 37430 | Vaults:1 | Reached skill level 10 in Hexes
 37430 | Vaults:1 | Reached skill level 10 in Summonings
 37430 | Vaults:1 | Reached skill level 10 in Necromancy
 37430 | Vaults:1 | Reached skill level 10 in Translocations
 37430 | Vaults:1 | Reached skill level 10 in Transmutations
 37430 | Vaults:1 | Reached skill level 10 in Fire Magic
 37430 | Vaults:1 | Reached skill level 10 in Ice Magic
 37430 | Vaults:1 | Reached skill level 10 in Air Magic
 37430 | Vaults:1 | Reached skill level 10 in Earth Magic
 37430 | Vaults:1 | Reached skill level 10 in Poison Magic
 37466 | Vaults:1 | Received a gift from Yredelemnul (a vampire knight)
 37544 | Vaults:1 | Reached XP level 18. HP: 87/141 MP: 31/34
 37751 | Vaults:1 | Received a gift from Yredelemnul (a flayed ghost)
 37810 | Vaults:1 | Received a gift from Yredelemnul (a flayed ghost)
 38248 | Vaults:1 | Received a gift from Yredelemnul (a flayed ghost)
 38267 | Vaults:1 | Found Noan's Antique Armour Boutique.
 38910 | Vaults:1 | Reached skill level 13 in Invocations
 38950 | Vaults:1 | Found a portal to a secret trove of treasure.
 38954 | Vaults:1 | You paid a toll of 3 potions of resistance to enter a treasure trove
 38955 | Trove    | Entered a treasure trove
 38993 | Trove    | Got an iridescent morningstar
 38994 | Trove    | Identified the +10 morningstar "Ohedgh" {protect, rPois rF+ MR++ Stlth+} (You found it in a treasure trove)
 38997 | Trove    | Got a polished arbalest
 38998 | Trove    | Identified the +3 arbalest of Dust {freeze, rPois Int+2} (You found it in a treasure trove)
 39001 | Trove    | Got a sapphire fustibalus
 39002 | Trove    | Identified the +6 fustibalus of Patterns {venom, Dex+3} (You found it in a treasure trove)
 40198 | Vaults:2 | Received a gift from Yredelemnul (a flayed ghost)
 40334 | Vaults:2 | Reached XP level 19. HP: 116/149 MP: 36/36
 40538 | Vaults:2 | Found a snail-covered altar of Cheibriados.
 40968 | Vaults:3 | Received a gift from Yredelemnul (a bone dragon)
 41251 | Vaults:3 | Received a gift from Yredelemnul (a vampire)
 41276 | Vaults:3 | Got a shimmering arbalest
 41277 | Vaults:3 | Identified the +7 arbalest of Expedience {speed, MR+} (You found it on level 3 of the Vaults)
 41567 | Vaults:3 | Received a gift from Yredelemnul (a phantasmal warrior)
 41629 | Vaults:3 | Found a staircase to the Crypt.
 41796 | Vaults:3 | Received a gift from Yredelemnul (a flayed ghost)
 42085 | Vaults:3 | Received a gift from Yredelemnul (a phantasmal warrior)
 43245 | Vaults:4 | Received a gift from Yredelemnul (a phantasmal warrior)
 43761 | Vaults:4 | Received a gift from Yredelemnul (a flayed ghost)
 43765 | Vaults:4 | Reached XP level 20. HP: 127/157 MP: 37/37
 43785 | Vaults:4 | Reached skill level 14 in Invocations
 43795 | Vaults:4 | Received a gift from Yredelemnul (a vampire knight)
 43982 | Vaults:4 | Received a gift from Yredelemnul (a vampire)
 44555 | Vaults:4 | Identified the Volume of the Icy Compass
 45050 | Vaults:1 | Bought dazzling fire dragon scales for 1690 gold pieces
 45062 | Vaults:1 | Identified the +1 fire dragon scales "Eleis" {+Fly rPois rF++ rC- Str-2 Slay+3} (You bought it in a shop on level 1 of the Vaults)
 45656 | Vaults:5 | Entered Level 5 of the Vaults
 45668 | Vaults:5 | Noticed an ancient lich
 46225 | Depths:1 | Entered Level 1 of the Depths
 46228 | Depths:1 | Found a gateway to a ziggurat.
 46322 | Depths:1 | Received a gift from Yredelemnul (a phantasmal warrior)
 46415 | Depths:1 | Found a gateway to Hell.
 46888 | D:15     | Learned a level 5 spell: Silence
 47140 | Depths:1 | Found a one-way gate leading to the halls of Pandemonium.
 47376 | Depths:1 | Found Quemepn's Blood Bar.
 47526 | Depths:1 | Learned a level 3 spell: Conjure Flame
 47628 | Depths:1 | Received a gift from Yredelemnul (a bone dragon)
 47778 | Depths:1 | Found a one-way gate to the infinite horrors of the Abyss.
 48186 | Depths:2 | Received a gift from Yredelemnul (a skeletal warrior)
 48320 | Depths:2 | Cast into level 2 of the Abyss (tengu warrior)
 48439 | Depths:2 | Escaped the Abyss
 48673 | Depths:2 | Received a gift from Yredelemnul (a vampire)
 48678 | Depths:2 | Cast into level 3 of the Abyss (tengu warrior)
 48819 | Abyss:4  | Found a corrupted altar of Lugonu.
 48922 | Depths:2 | Escaped the Abyss
 48922 | Depths:2 | Reached XP level 21. HP: 49/165 MP: 39/39
 48932 | Depths:2 | Paralysed by a floating eye for 2 turns
 48937 | Depths:2 | Noticed a juggernaut
 49070 | Depths:2 | Got an ichor-stained helmet
 49095 | Depths:2 | Identified the +0 helmet of Lesser Demons {rElec MR+ rCorr Str-3 Stlth+} (You acquired it on level 2 of the Depths)
 49114 | Depths:2 | Killed a juggernaut
 49141 | Depths:2 | Received a gift from Yredelemnul (a phantasmal warrior)
 49529 | Depths:2 | Received a gift from Yredelemnul (a ghoul)
 50181 | Depths:3 | Received a gift from Yredelemnul (a skeletal warrior)
 51258 | Depths:3 | Received a gift from Yredelemnul (a skeletal warrior)
 51270 | Depths:3 | Noticed a golden dragon
 51285 | Depths:3 | Killed a golden dragon
 51322 | Depths:3 | Received a gift from Yredelemnul (a vampire)
 51481 | Depths:3 | Found the ring of Phasing {EV+8}
 52052 | Depths:3 | Reached skill level 15 in Invocations
 52146 | Depths:3 | Noticed a golden dragon
 52146 | Depths:3 | Noticed a caustic shrike
 52209 | Depths:3 | Killed a caustic shrike
 52337 | Depths:3 | Killed a golden dragon
 52539 | Depths:3 | Noticed a caustic shrike
 52542 | Depths:3 | Killed a caustic shrike
 52612 | Depths:3 | Identified the Papyrus of Earthen Lightness
 52773 | Depths:4 | Received a gift from Yredelemnul (a profane servitor)
 52778 | Depths:4 | Noticed a caustic shrike
 53103 | Depths:4 | HP: 5/166 [acid (4)]
 53103 | Depths:4 | Slain by a tengu reaver

Skill      XL: |  1  2  3  4  5  6  7  8  9 10 11 12 13 14 15 16 17 18 19 20 21 |
---------------+----------------------------------------------------------------+-----
Spellcasting   | 5 6 7 8 9 10 11 12 13 14 | 14.7
Invocations    | 1 2 3 4 5 6 7 8 9 10 11 12 13 14 15 | 15.1
Short Blades   | 1 2 3 4 5 6 7 8 9 10 11 12 13 14 | 14.0
Long Blades    | 1 2 3 4 5 6 7 8 9 10 11 12 13 14 | 14.0
Axes           | 1 2 3 4 5 6 7 8 9 10 11 12 13 14 | 14.0
Maces & Flails | 1 2 3 4 5 6 7 8 9 10 11 12 13 14 | 14.0
Staves         | 1 2 3 4 5 6 7 8 9 10 11 12 13 14 | 14.0
Slings         | 1 2 3 4 5 6 7 8 9 10 11 12 13 14 | 14.0
Bows           | 1 2 3 4 5 6 7 8 9 10 11 12 13 14 | 14.0
Crossbows      | 1 2 3 4 5 6 7 8 9 10 11 12 13 14 | 14.0
Throwing       | 1 2 3 4 5 6 7 8 9 10 11 12 13 14 | 14.0
Stealth        | 1 2 3 4 5 6 7 8 9 10 11 12 13 14 | 14.0
Shields        | 1 2 3 4 5 6 7 8 9 10 11 12 13 14 | 14.0
Unarmed Combat | 1 2 3 4 5 6 7 8 9 10 11 12 13 14 | 14.0
Evocations     | 1 2 3 4 5 6 7 8 9 10 11 12 13 14 | 14.0
Conjurations   | 1 2 3 4 5 6 7 8 9 10 11 12 | 12.1
Hexes          | 1 2 3 4 5 6 7 8 9 10 11 12 | 12.1
Summonings     | 1 2 3 4 5 6 7 8 9 10 11 12 | 12.1
Necromancy     | 1 2 3 4 5 6 7 8 9 10 11 12 | 12.1
Translocations | 1 2 3 4 5 6 7 8 9 10 11 12 | 12.1
Transmutations | 1 2 3 4 5 6 7 8 9 10 11 12 | 12.1
Fire Magic     | 1 2 3 4 5 6 7 8 9 10 11 12 | 12.1
Ice Magic      | 1 2 3 4 5 6 7 8 9 10 11 12 | 12.1
Air Magic      | 1 2 3 4 5 6 7 8 9 10 11 12 | 12.1
Earth Magic    | 1 2 3 4 5 6 7 8 9 10 11 12 | 12.1
Poison Magic   | 1 2 3 4 5 6 7 8 9 10 11 12 | 12.1
Armour         | 3 4 5 6 7 8 9 10 11 12 13 14 | 14.2
Fighting       | 5 6 7 8 9 10 11 12 13 14 | 14.6
Polearms       | 5 6 7 8 9 10 11 12 13 14 | 14.6
Dodging        | 5 6 7 8 9 10 11 12 13 14 | 14.6
Charms         | 6 7 8 9 10 11 12 13 | 13.1

Action                   |  1- 3 |  4- 6 |  7- 9 | 10-12 | 13-15 | 16-18 | 19-21 || total
-------------------------+-------+-------+-------+-------+-------+-------+-------++-------
Melee: Spear             |   141 |   168 |   703 |    18 |       |       |       ||  1030
       Bite              |    11 |    19 |    99 |    72 |    99 |   104 |   138 ||   542
       Punch             |     1 |       |    10 |    13 |       |       |       ||    24
       Halberd           |       |       |       |   373 |       |       |       ||   373
       Trident           |       |       |       |   279 |   519 |       |       ||   798
       Lajatang          |       |       |       |       |   172 |   668 |   768 ||  1608
 Fire: Hunting sling     |       |    24 |    60 |    35 |       |       |       ||   119
       Arbalest          |       |       |       |       |       |       |    24 ||    24
Throw: Stone             |    10 |     3 |       |       |       |       |       ||    13
       Throwing net      |       |       |       |     1 |     1 |       |       ||     2
 Cast: Regeneration      |     1 |     9 |    25 |    12 |     2 |       |     4 ||    53
       Spectral Weapon   |       |     1 |    13 |    30 |     4 |       |     2 ||    50
       Infusion          |       |     4 |     2 |     1 |       |       |       ||     7
       Song of Slaying   |       |       |    10 |     4 |     2 |       |       ||    16
       Summon Lightning  |       |       |       |    28 |    80 |    82 |    85 ||   275
       Apportation       |       |       |       |       |     2 |       |       ||     2
       Borgnjor's Vile C |       |       |       |       |     6 |     4 |     9 ||    19
       Summon Ice Beast  |       |       |       |       |     7 |       |       ||     7
       Silence           |       |       |       |       |       |       |    11 ||    11
       Conjure Flame     |       |       |       |       |       |       |     2 ||     2
Invok: Animate Remains   |       |       |       |     5 |       |       |       ||     5
       Animate Dead      |       |       |       |    44 |   105 |    84 |    76 ||   309
       Recall Undead Sla |       |       |       |    11 |    44 |    47 |    57 ||   159
       Stop Recall       |       |       |       |       |     1 |       |     3 ||     4
Evoke: Wand              |       |       |     3 |    14 |    13 |     3 |       ||    33
  Use: Scroll            |     4 |     1 |    14 |    19 |    19 |    12 |    10 ||    79
       Potion            |       |     2 |       |     2 |     1 |     3 |     3 ||    11
 Stab: Sleeping          |     1 |       |     2 |    13 |    10 |    50 |    16 ||    92
       Distracted        |       |       |     2 |    14 |    23 |    22 |    27 ||    88
       Held in net/web   |       |       |       |     1 |       |       |       ||     1
       Petrified         |       |       |       |       |     3 |       |       ||     3
       Petrifying        |       |       |       |       |     1 |     2 |       ||     3
       Paralysed         |       |       |       |       |     4 |     1 |       ||     5
       Confused          |       |       |       |       |       |       |     1 ||     1
  Eat: Chunk             |     1 |     6 |     5 |    31 |    33 |    28 |    32 ||   136
       Ration            |       |       |     5 |     6 |    11 |    10 |    10 ||    42
Armor: Leather armour    |    15 |       |       |    72 |       |       |       ||    87
       Scale mail        |    22 |    20 |       |       |       |       |       ||    42
       Ring mail         |       |    17 |   177 |   236 |       |       |       ||   430
       Troll leather arm |       |       |       |    31 |   179 |    26 |       ||   236
       Chain mail        |       |       |       |       |       |   307 |   434 ||   741
       Ice dragon scales |       |       |       |       |       |     2 |       ||     2
       Fire dragon scale |       |       |       |       |       |       |    13 ||    13
Dodge: Dodged            |    48 |    76 |   353 |   662 |   459 |   588 |   637 ||  2823
Block: Buckler           |       |       |    19 |    12 |    49 |       |       ||    80
       Shield            |       |       |       |       |   202 |       |       ||   202
